 Dungeon Crawl Stone Soup version 0.31-a0-18-gea43df2a32 (webtiles) character file.

Game seed: 2777218338139168518

21 IdlyInterested the Covered (level 2, 0/23 HPs)
             Began as a Demonspawn Wanderer on May 10, 2023.
             Slain by a gnoll
             ... wielding a +0 spear
              (5 damage)
             ... on level 1 of the Dungeon.
             The game lasted 00:01:38 (444 turns).

IdlyInterested the Covered (Demonspawn Wanderer)     Turns: 444, Time: 00:01:39

Health: 0/23       AC:  8    Str: 11    XL:     2   Next: 62%
Magic:  3/3        EV:  9    Int: 12    God:
Gold:   34         SH:  0    Dex: 14    Spells: 3/3 levels left

rFire   . . .        a - +0 dagger
rCold   . . .        (no shield)
rNeg    . . .        d - +2 scale mail
rPois   .            (no helmet)
rElec   .            (no cloak)
rCorr   .            (no gloves)
SInv    .            (no boots)
Will    .....        (no amulet) Stlth
                     (no ring)
HPRegen 0.23/turn    (no ring)
MPRegen 0.08/turn

%: no passive effects
@: no status effects
A: powered by death 1
a: no special abilities


You were on level 1 of the Dungeon.
You visited 1 branch of the dungeon, and saw 1 of its levels.

You collected 34 gold pieces.

Inventory:

Hand Weapons
 a - a +0 dagger (weapon)
Missiles
 g - 2 stones (quivered)
Armour
 d - a +2 scale mail (worn)
Scrolls
 b - a scroll of teleportation
 e - a scroll of torment {unknown}
 h - a scroll of magic mapping {unknown}
 i - a scroll of poison {unknown}
Potions
 f - 2 potions of curing {unknown}


   Skills:
 * Level 2.3 Fighting
 - Level 3.6 Armour
 - Level 1.0 Dodging
 + Level 0.0 Stealth
 - Level 1.0 Spellcasting
 - Level 3.0 Poison Magic
 - Level 1.2 Invocations


You had 3 spell levels left.
You didn't know any spells.
Your spell library contained the following spells:

 Spells                   Type           Power      Damage    Failure   Level
 Poisonous Vapours        Pois/Air       8%         N/A       78%         2
 Cigotuvi's Dreadful Rot  Necr/Pois/Air  6%         N/A       85%         2


Dungeon Overview and Level Annotations

Branches:
Dungeon (1/15)

Altars:


Innate Abilities, Weirdness & Mutations

You regenerate a little health from kills.


Message History

You closely miss the hobgoblin.
The hobgoblin is lightly wounded.
The hobgoblin barely misses you.
The gnoll hits you from afar with a +0 spear.
You hit the hobgoblin but do no damage.
The hobgoblin is lightly wounded.
The hobgoblin hits you. The gnoll barely misses you.
You closely miss the hobgoblin.
The hobgoblin is lightly wounded.
The hobgoblin hits you but does no damage.
The gnoll hits you but does no damage.
You closely miss the hobgoblin.
The hobgoblin is lightly wounded.
The hobgoblin hits you but does no damage.
The gnoll hits you from afar with a +0 spear.
You hit the hobgoblin.
The hobgoblin is severely wounded.
The hobgoblin hits you.
The gnoll hits you from afar with a +0 spear.
You hit the hobgoblin but do no damage.
The hobgoblin is severely wounded.
The hobgoblin hits you but does no damage.
The gnoll hits you from afar with a +0 spear.
* * * LOW HITPOINT WARNING * * *
You hit the hobgoblin.
You kill the hobgoblin!
The gnoll hits you but does no damage.
Training target 1.0 for Dodging reached!
Your Dodging skill increases to level 1!
Unknown command.
The gnoll barely misses you.
Things that are here:
a +0 whip; 3 stones; a kobold corpse You hit the gnoll.
The gnoll is moderately wounded.
The gnoll hits you but does no damage.
You hit the gnoll but do no damage.
The gnoll is moderately wounded.
The gnoll hits you with a +0 spear.
You die...

##.# #...............
#... #...##'##....###
..... #. #...#......#
..... #.###.⌠.###..#.#
...... #.#.......#....#
......###.#.⌠.<.⌠.#..#..
......†.#.#.......#.....
#g#.###.⌠.###.....
#@#...#...#...##..
#.#...##+##.......
#..............#.#
#########.###....#
#........# #####..##.
##....... ##......##
##......#.#


You could see a gnoll.

Vanquished Creatures
  A dart slug (D:1)
  3 bats (D:1)
  An endoplasm (D:1)
  3 giant cockroaches (D:1)
  A goblin (D:1)
  3 hobgoblins (D:1)
  A quokka (D:1)
  A frilled lizard (D:1)
  2 kobolds (D:1)
  A rat (D:1)
17 creatures vanquished.

Notes
Turn   | Place    | Note
-------+----------+-------------------------------------------
     0 | D:1      | IdlyInterested the Demonspawn Wanderer began the quest for
                  | the Orb.
     0 | D:1      | IdlyInterested set off with the following items: a +0
                  | dagger, a scroll of teleportation, a potion of heal wounds,
                  | a +2 scale mail; and the following spells available to
                  | memorise: Poisonous Vapours, Cigotuvi's Dreadful Rot.
     0 | D:1      | Reached XP level 1. HP: 15/15 MP: 2/2
   127 | D:1      | Gained mutation: You regenerate a little health from kills.
                  | [demonic ancestry]
   127 | D:1      | Reached XP level 2. HP: 21/22 MP: 3/3
   442 | D:1      | Reached skill level 1 in Dodging
   444 | D:1      | Slain by a gnoll

Illustrated notes

Levels and vault maps discovered:
D:1:      dpeg_arrival_simpleton_c, layout_loops_ring

Skill      XL: |  1  2 |
---------------+-------+-----
Fighting       | 2 |  2.3
Dodging        | 1 |  1.0
Armour         | |  3.6
Spellcasting   | |  1.0
Poison Magic   | |  3.0
Invocations    | |  1.2

Action                     || total
---------------------------++-------
  Melee: Dagger            ||   105
         Punch             ||     3
    Use: Potion            ||     1
 Armour: Scale mail        ||    59
  Dodge: Dodged            ||    43

Table legend: (Time is in decaauts)
 A = Elapsed time spent in this place.
 B = Non-inter-level travel time spent in this place.
 C = Inter-level travel time spent in this place.
 D = Time resting spent in this place.
 E = Time spent auto-exploring this place.
 F = Levels seen in this place.
 G = Mean time per level.
                   A        B        C        D        E       F      G
               +--------+--------+--------+--------+--------+-----+--------+
         Total |    444 |    444 |      0 |     24 |    225 |   1 |  444.0 |
       Dungeon |    444 |    444 |      0 |     24 |    225 |   1 |  444.0 |
               +--------+--------+--------+--------+--------+-----+--------+

Top non-repeatable levels by time:
     D:1: 444 daAuts
